Map: Ascension to Aiur LE

Players

Stats - Winner!

  • Race: Protoss Protoss
  • League: Master
  • Spawn Location: 5:00

ShoWTimE

  • Race: Protoss Protoss
  • League: Grandmaster
  • Spawn Location: 11:00

Event: HomeStory Cup XVI

VOD

Have the link to the VOD?

Description

Time

  • Played on: Nov. 11, 2017, 6:56 a.m.
  • Length: 18:44

All games in this series

Show
View Real Time Build Order
Export as new Build Order

Stats Protoss - Winner!

Build Orders: Archon Immortal, Dark Templar Rush 

Get SALT Encoding   

  12  0:04  Probe (Chrono Boost)  
  13  0:16  Probe (Chrono Boost)  
  14  0:24  Pylon  
  14  0:28  Probe (Chrono Boost)  
  16  0:43  Gateway  
  16  0:44  Probe (Chrono Boost)  
  16  0:47  Assimilator  
  16  0:55  Probe (Chrono Boost)  
  16  0:56  Assimilator  
  17  1:01  Probe (Chrono Boost)  
  17  1:10  Probe (Chrono Boost)  
  19  1:18  Gateway  
  19  1:22  Probe (Chrono Boost)  
  20  1:30  Cybernetics Core  
  20  1:35  Probe (Chrono Boost)  
  22  1:47  Probe (Chrono Boost)  
  22  1:48  Pylon  
  22  1:51  Pylon  
  22  1:56  Warp Gate  
  22  1:59  Probe (Chrono Boost)  
  23  2:06  Stalker  
  27  2:17  Twilight Council  
  27  2:22  Stalker  
  27  2:35  Probe (Chrono Boost)  
  28  2:53  Dark Shrine  
  28  3:07  Nexus  
  28  3:19  Probe (Chrono Boost)  
  29  3:28  Pylon  
  29  3:31  Probe (Chrono Boost)  
  30  3:35  Pylon  
  30  3:36  Pylon  
  30  3:44  Probe (Chrono Boost)  
  31  3:57  Shield Battery  
  31  3:58  Probe (Chrono Boost)  
  31  4:06  Dark Templar x2  
  31  4:07  Probe (Chrono Boost)  
  35  4:13  Probe (Chrono Boost)  
  33  4:18  Probe (Chrono Boost)  
  33  4:20  Probe (Chrono Boost)  
  35  4:27  Probe (Chrono Boost)  
  35  4:28  Probe (Chrono Boost)  
  38  4:32  Shield Battery  
  37  4:39  Stalker x2, Probe (Chrono Boost)  
  37  4:40  Probe (Chrono Boost)  
  42  4:51  Probe (Chrono Boost)  
  44  4:52  Probe (Chrono Boost)  
  44  5:03  Probe (Chrono Boost)  
  44  5:04  Sentry x2  
  44  5:05  Probe (Chrono Boost)  
  50  5:10  Robotics Facility  
  46  5:15  Probe (Chrono Boost)  
  46  5:17  Probe (Chrono Boost)  
  45  5:22  Probe (Chrono Boost)  
  45  5:23  Probe (Chrono Boost)  
  47  5:29  Probe (Chrono Boost)  
  47  5:31  Stalker, Probe (Chrono Boost), Sentry  
  53  5:41  Probe (Chrono Boost)  
  53  5:42  Forge  
  55  5:43  Probe (Chrono Boost)  
  55  5:50  Pylon  
  55  5:52  Assimilator  
  55  5:53  Probe (Chrono Boost)  
  55  5:55  Probe (Chrono Boost)  
  55  5:56  Assimilator  
  57  5:58  Protoss Ground Weapons Level 1  
  57  5:59  Immortal  
  61  6:07  Probe (Chrono Boost)  
  61  6:09  Probe (Chrono Boost)  
  63  6:11  Phoenix  
  64  6:19  Probe (Chrono Boost)  
  64  6:21  Probe (Chrono Boost)  
  65  6:25  Pylon  
  65  6:26  Pylon  
  65  6:31  Probe (Chrono Boost)  
  67  6:34  Probe (Chrono Boost)  
  67  6:38  Observer  
  68  6:42  Twilight Council  
  68  6:44  Gateway  
  68  6:48  Pylon  
  68  6:53  Pylon  
  68  6:59  Immortal  
  72  7:15  Charge  
  72  7:18  Gateway  
  72  7:19  Gateway  
  72  7:21  Gateway  
  72  7:26  Templar Archives  
  72  7:28  Nexus  
  72  7:30  Pylon  
  72  7:42  Immortal  
  72  7:43  Protoss Ground Weapons Level 2  
  76  7:46  Zealot x2  
  76  7:47  Zealot  
  82  7:54  Probe x2 (Chrono Boost)  
  82  7:58  Shield Battery x2  
  84  8:01  Pylon  
  84  8:13  High Templar x2  
  84  8:18  High Templar x2  
  84  8:19  Zealot x2  
  96  8:20  Archon  
  96  8:22  Immortal  
  96  8:23  Archon  
  96  8:31  Probe x2 (Chrono Boost)  
  102  8:40  Zealot x2  
  106  8:43  Probe x2 (Chrono Boost)  
  106  8:44  Probe (Chrono Boost)  
  106  8:46  Zealot  
  109  8:53  Zealot x2  
  113  8:59  High Templar  
  113  9:00  High Templar  
  117  9:05  Archon  
  117  9:07  Zealot x2  
  121  9:15  Zealot x2  
  93  9:27  Zealot x2  
  79  9:32  Zealot x2  
  79  9:37  Zealot x2  
  83  9:40  Immortal  
  83  9:47  Zealot x3  
  85  9:57  Stalker x2  
  85  9:59  Stalker  
  70  10:08  Stalker  
  70  10:09  Stalker, Dark Templar  
  65  10:21  Probe (Chrono Boost)  
  65  10:22  Dark Templar x3, Probe x2 (Chrono Boost)  
  65  10:27  Probe (Chrono Boost)  
  64  10:33  Protoss Ground Weapons Level 3  
  64  10:34  Probe x2 (Chrono Boost)  
  68  10:43  Probe (Chrono Boost)  
  68  10:45  High Templar x2, Zealot  
  68  10:54  Zealot x2, Archon  
  68  10:55  Zealot  
  72  10:58  Probe x3 (Chrono Boost)  
  72  11:10  Zealot  
  70  11:18  Zealot x4  
  70  11:25  Probe x3 (Chrono Boost)  
  79  11:26  Zealot  
  79  11:30  Observer  
  82  11:33  Zealot  
  84  11:40  High Templar x2, Assimilator  
  84  11:41  Zealot, Assimilator  
  84  11:45  Archon  
  90  11:47  Zealot x2  
  90  11:50  Warp Prism  
  90  11:52  Probe x2 (Chrono Boost)  
  97  11:54  Probe (Chrono Boost)  
  99  12:04  High Templar  
  99  12:05  High Templar  
  103  12:09  Archon  
  103  12:14  Zealot x4  
  111  12:20  Pylon  
  111  12:21  Pylon  
  111  12:36  Stalker x2  
  111  12:37  Zealot  
  114  12:46  Protoss Ground Armor Level 1  
  114  12:48  Zealot x3  
  120  12:58  Probe x3 (Chrono Boost)  
  120  13:02  High Templar x2, Zealot  
  126  13:06  Archon  
  126  13:09  High Templar x2, Zealot  
  132  13:13  Archon  
  132  13:21  Observer  
  132  13:26  Pylon  
  133  13:27  Pylon  
  133  13:29  Pylon  
  133  13:44  High Templar x2  
  133  13:45  High Templar x2  
  133  13:46  Zealot x2  
  145  13:49  Archon x2  
  145  14:08  Zealot x2  
  116  14:19  Zealot x3  
  116  14:20  Zealot  
  120  14:29  Dark Templar x2  
  120  14:33  Immortal  
  104  14:42  Zealot x4  
  84  14:57  Zealot x4  
  80  15:03  Immortal  
  78  15:09  High Templar x2  
  82  15:18  High Templar x2, Zealot x2  
  82  15:19  Archon  
  92  15:25  Gateway  
  92  15:26  Archon  
  92  15:27  Gateway, Probe x3 (Chrono Boost)  
  95  15:41  Nexus  
  95  15:42  High Templar  
  97  15:43  Immortal  
  97  15:44  Zealot x3  
  103  15:51  High Templar x2, Archon  
  103  15:55  Archon  
  111  16:05  Zealot x3  
  117  16:15  Zealot  
  119  16:29  Photon Cannon  
  119  16:33  High Templar x2  
  119  16:34  Zealot x5  
  119  16:37  Immortal  
  137  16:40  Archon  
  137  16:45  Zealot  
  139  17:00  High Templar x2  
  139  17:01  Zealot x3  
  149  17:10  Probe x2 (Chrono Boost)  
  149  17:11  Archon, Probe x2 (Chrono Boost)  
  143  17:24  High Templar  
  143  17:25  High Templar, Zealot x4  
  143  17:29  Archon  
  155  17:35  Pylon  
  155  17:37  Zealot x2  
  159  17:43  Pylon  
  159  17:45  Zealot x2, Pylon  
  159  17:46  Pylon  
  161  18:04  Zealot x4  
  161  18:05  Zealot x4  
  134  18:29  High Templar x4, Zealot x2  
  134  18:30  Zealot  
  134  18:33  Archon x2  
  138  18:37  Zealot  
Show
View Real Time Build Order
Export as new Build Order

ShoWTimE Protoss 

Build Orders: Oracle Opening 

Get SALT Encoding   

  1  0:00  Probe (Chrono Boost)  
  12  0:04  Probe (Chrono Boost)  
  14  0:17  Pylon  
  14  0:23  Probe (Chrono Boost)  
  16  0:36  Gateway  
  16  0:37  Probe (Chrono Boost)  
  16  0:41  Assimilator  
  16  0:49  Probe (Chrono Boost)  
  17  0:50  Assimilator  
  17  0:59  Probe (Chrono Boost)  
  17  1:03  Gateway  
  18  1:05  Probe (Chrono Boost)  
  19  1:15  Probe (Chrono Boost)  
  20  1:23  Cybernetics Core  
  20  1:28  Probe (Chrono Boost)  
  20  1:32  Pylon  
  22  1:40  Probe (Chrono Boost)  
  22  1:53  Probe (Chrono Boost)  
  25  2:01  Warp Gate, Adept x2  
  27  2:14  Stargate  
  27  2:28  Stalker  
  29  2:31  Stalker  
  31  2:41  Pylon  
  31  2:55  Oracle  
  31  2:56  Nexus  
  34  3:15  Shield Battery  
  35  3:21  Probe (Chrono Boost)  
  35  3:29  Robotics Facility  
  35  3:33  Probe (Chrono Boost)  
  36  3:42  Pylon  
  36  3:45  Probe (Chrono Boost)  
  35  3:58  Probe (Chrono Boost)  
  34  4:02  Oracle  
  34  4:06  Observer  
  39  4:10  Probe (Chrono Boost)  
  39  4:11  Probe (Chrono Boost)  
  40  4:22  Stalker, Probe (Chrono Boost)  
  43  4:34  Probe x2 (Chrono Boost)  
  45  4:43  Probe x2 (Chrono Boost)  
  47  4:46  Immortal, Shield Battery  
  47  4:49  Probe x2 (Chrono Boost)  
  51  4:58  Twilight Council  
  53  5:00  Probe (Chrono Boost)  
  53  5:03  Probe (Chrono Boost)  
  53  5:04  Sentry  
  57  5:12  Probe (Chrono Boost)  
  59  5:15  Probe (Chrono Boost)  
  59  5:16  Blink  
  56  5:24  Forge, Probe (Chrono Boost)  
  56  5:26  Assimilator, Observer  
  56  5:27  Probe (Chrono Boost)  
  59  5:30  Assimilator, Pylon  
  60  5:36  Probe (Chrono Boost)  
  60  5:39  Probe (Chrono Boost)  
  60  5:40  Pylon  
  61  5:48  Probe (Chrono Boost)  
  62  5:52  Protoss Ground Weapons Level 1  
  62  6:01  Gateway  
  62  6:04  Gateway  
  62  6:06  Gateway  
  62  6:12  Immortal  
  62  6:14  Gateway  
  66  6:21  Pylon  
  66  6:27  Sentry  
  66  6:29  Pylon  
  68  6:43  Nexus  
  68  6:47  Resonating Glaives  
  68  6:48  Pylon  
  68  6:52  Immortal  
  72  7:00  Gateway  
  72  7:04  Gateway  
  72  7:06  Templar Archives  
  72  7:15  Probe x2 (Chrono Boost)  
  74  7:19  Photon Cannon  
  74  7:27  Adept x3, Probe (Chrono Boost)  
  81  7:34  Probe (Chrono Boost)  
  82  7:37  Warp Prism  
  82  7:39  Probe (Chrono Boost)  
  85  7:49  Photon Cannon  
  85  7:52  Photon Cannon, Shield Battery  
  85  7:59  High Templar x4  
  85  8:02  Archon  
  85  8:03  Archon  
  85  8:05  Adept x2  
  97  8:26  Adept x4  
  105  8:32  Pylon  
  105  8:34  Pylon  
  105  8:38  Adept x4  
  113  8:43  Pylon  
  113  8:53  Adept  
  113  8:54  Adept x3  
  121  8:58  Pylon  
  121  8:59  High Templar x2  
  125  9:03  Archon  
  125  9:04  Adept x2  
  125  9:08  Pylon  
  127  9:23  Adept x2  
  127  9:24  Adept x2  
  115  9:29  Adept  
  93  9:32  Sentry x2  
  93  9:36  Adept  
  99  9:46  Adept x4  
  99  9:52  Protoss Ground Weapons Level 2  
  103  9:53  Adept  
  103  9:56  Adept x2  
  103  9:57  Adept  
  105  10:07  Adept x4  
  104  10:15  Observer  
  104  10:18  Adept x3  
  104  10:19  Adept  
  106  10:29  Warp Prism  
  106  10:33  Probe x3 (Chrono Boost)  
  95  10:38  Adept x2  
  95  10:39  Adept  
  101  10:43  Adept x2  
  97  10:55  Stalker x2  
  89  11:10  Immortal  
  79  11:17  Probe x3 (Chrono Boost)  
  76  11:23  Assimilator  
  76  11:26  Adept x4  
  76  11:27  Adept x4  
  76  11:28  Assimilator  
  96  11:38  Immortal  
  96  11:42  Pylon  
  96  11:52  Nexus  
  100  11:57  Pylon  
  100  11:59  High Templar x2  
  104  12:05  Adept x2  
  104  12:06  Archon  
  104  12:07  Adept  
  110  12:09  Observer  
  110  12:14  Adept x3  
  117  12:25  Protoss Ground Weapons Level 3  
  117  12:44  Adept x6  
  117  12:45  Adept x2  
  117  12:48  Probe (Chrono Boost)  
  117  12:49  Probe x2 (Chrono Boost)  
  117  12:51  Immortal  
  128  13:01  Probe x2 (Chrono Boost)  
  136  13:07  Probe x2 (Chrono Boost)  
  136  13:09  High Templar  
  136  13:10  High Templar  
  136  13:11  Shield Battery  
  141  13:13  Probe (Chrono Boost)  
  141  13:14  Pylon  
  141  13:17  Archon, Shield Battery  
  141  13:18  Stalker  
  143  13:20  Stalker  
  143  13:24  Stalker  
  147  13:27  Stalker  
  149  13:36  Immortal  
  149  13:40  Shield Battery  
  153  13:41  Shield Battery  
  153  13:46  High Templar x3  
  159  13:50  Archon  
  159  13:53  High Templar  
  161  13:59  Adept x4  
  169  14:07  Archon  
  108  14:20  Stalker x5  
  104  14:25  Stalker x2  
  104  14:29  Stalker  
  93  14:40  Observer  
  93  14:44  Adept x5  
  82  14:53  Adept x3  
  82  14:54  Observer  
  68  15:09  High Templar x2  
  68  15:10  Zealot x3  
  76  15:15  Archon  
  76  15:16  Adept x2  
  80  15:23  Adept  
  82  15:34  Adept  
  82  15:41  Adept  
  84  15:51  Adept x3  
  90  15:57  Stalker  
  90  16:02  Stalker  
  94  16:10  Stalker  
  96  16:17  High Templar  
  98  16:18  High Templar  
  98  16:19  Zealot x2  
  98  16:23  Archon  
  104  16:26  Adept x2  
  104  16:31  Adept  
  110  16:34  Adept  
  110  16:49  Adept x4  
  116  17:15  Nexus  
  116  17:16  Pylon  
  112  17:26  Observer  
  113  17:30  Robotics Bay  
  113  17:34  Pylon  
  113  17:35  High Templar x2  
  117  17:39  Archon  
  117  17:43  Adept x2  
  117  17:44  Adept x3  
  127  17:46  Adept  
  129  18:01  Immortal  
  129  18:05  Shield Battery  
  133  18:07  Adept  
  133  18:12  Adept  
  131  18:20  Adept x2  
  131  18:26  Adept  
  131  18:27  Adept  
  105  18:32  Adept  
Tags
 
Add a new tag
Caveats
  • Supply blocks, unpowered buildings, or Contaminate may cause inaccurate times.
  • Supply counts are checked every 10 seconds.